 Dungeon Crawl Stone Soup version 0.20-a0-187-ge5586d949a (webtiles) character file.

84089 feito the Swashbuckler (level 16, -17/163 HPs)
             Began as a Kobold Berserker on Nov 23, 2016.
             Was the Champion of Trog.
             Demolished by an orc knight
             ... wielding a +2 long sword of holy wrath
              (39 damage)
             ... on level 13 of the Dungeon.
             The game lasted 03:41:16 (28260 turns).

feito the Swashbuckler (Kobold Berserker)          Turns: 28260, Time: 03:41:17

Health: -17/163    AC: 12    Str: 20    XL:     16   Next: 26%
Magic:  23/23      EV: 25    Int:  8    God:    Trog [******]
Gold:   2485       SH:  0    Dex: 23    Spells: 15/15 levels left

rFire  . . .     SeeInvis .     a - +6 quick blade
rCold  + . .     Gourm    .     W - +0 troll leather armour
rNeg   . . .     Faith    .     (shield restricted)
rPois  .         Spirit   .     S - +4 helmet "Woet" {MR+}
rElec  .         Reflect  .     (no cloak)
rCorr  .         Harm     +     (no gloves)
MR     ++...                    o - +0 pair of boots
Stlth  ..........               u - amulet of harm
                                M - ring of protection from cold
                                D - +2 ring of dexterity

@: berserking, drained, very quick
A: carnivore 3
a: Berserk, Trog's Hand, Brothers in Arms, Burn Spellbooks, Renounce Religion


You were on level 13 of the Dungeon.
You worshipped Trog.
Trog was exalted by your worship.
You were full.

You visited 4 branches of the dungeon, and saw 22 of its levels.

You collected 2521 gold pieces.
You spent 36 gold pieces at shops.

Inventory:

Hand Weapons
 a - a +6 quick blade (weapon)
 b - a +2 triple crossbow of freezing
 r - a +1 dagger of electrocution
 A - a +2 rapier of holy wrath
 E - a +3 antimagic rapier
Missiles
 j - 86 bolts
Armour
 k - a +2 shield
 o - a +0 pair of boots (worn)
 F - a +3 ring mail
 S - the +4 helmet "Woet" (worn) {MR+}
   (You found it on level 9 of the Dungeon)

   It affects your resistance to hostile enchantments.
 W - a +0 troll leather armour (worn)
 X - a +2 hat of spirit shield
Jewellery
 u - an amulet of harm (around neck)
 C - an uncursed ring of fire
 D - a +2 ring of dexterity (left hand)
 G - an uncursed ring of positive energy
 M - a ring of protection from cold (right hand)
 Z - an uncursed ring of poison resistance
Wands
 q - a wand of flame (19/48)
 v - a wand of heal wounds (1/9)
 x - a wand of polymorph (10/24)
 y - a wand of slowing (5/48)
 J - a wand of lightning (11/15)
 L - a wand of teleportation (3/9)
 P - a wand of confusion (10/48)
 R - a wand of digging (13/24)
 Y - a wand of disintegration (13/24)
Scrolls
 e - 9 scrolls of identify
 i - 5 scrolls of teleportation
 l - 7 scrolls of remove curse
 p - a scroll of fear
 t - 5 scrolls of blinking
 I - 2 scrolls of fog
 N - 5 scrolls of enchant armour {unknown}
 O - 5 scrolls of recharging {unknown}
 T - a scroll of acquirement
 U - 2 scrolls of magic mapping
Potions
 f - 4 potions of heal wounds
 g - 4 potions of flight
 h - a potion of lignification {unknown}
 m - 2 potions of berserk rage
 n - 12 potions of curing
 s - 2 potions of cancellation {unknown}
 K - 3 potions of haste {unknown}
 Q - 4 potions of mutation {unknown}
 V - a potion of resistance
Books
 z - a book of Changes

   Spells                             Type                      Level
   a - Beastly Appendage              Transmutation                1
   b - Sticks to Snakes               Transmutation                2
   c - Spider Form                    Transmutation/Poison         3
   d - Ice Form                       Ice/Transmutation            4
   e - Blade Hands                    Transmutation                5
   Trog disapproves of the use of such an item.
Miscellaneous
 d - 2 phantom mirrors
 B - a phial of floods
Comestibles
 c - 11 meat rations
 w - 2 beef jerkies


   Skills:
 * Level 15.7(15.4) Fighting
 - Level 17.0(16.8) Short Blades
 * Level 7.4(7.2) Crossbows
 - Level 7.8(7.6) Armour
 - Level 11.4(11.2) Dodging
 - Level 12.5(12.2) Stealth
 + Level 3.7(3.6) Shields
 - Level 10.0(9.7) Evocations


You had 15 spell levels left.
You didn't know any spells.

Dungeon Overview and Level Annotations

Branches:
Dungeon (13/15)            Temple (0/1) D:4            Lair (6/6) D:11
 Shoals (0/4) Lair:4        Snake (0/4) Lair:4        Slime (0/5) Lair:5
    Orc (2/2) D:11            Elf (1/3) Orc:2
 Vaults: D:13-14

Altars:
Dithmenos
Makhleb
Nemelex Xobeh
Sif Muna
Uskayaw
Xom
Beogh
Jiyva

Shops:
D:4 *   D:7 !   D:10 *   D:11 :   Orc:1 :   Orc:2 **([

Annotations:
D:6 1 runed door
Lair:5 exclusion: oklob plant


Innate Abilities, Weirdness & Mutations

You are small and have problems with some larger weapons.
You are carnivorous and can eat meat at any time.


Message History

You puncture the vault guard!
The vault guard is severely wounded.
You hit the vault guard but do no damage.
The vault guard is severely wounded.
You puncture the vault guard!
The vault guard is almost dead.
The vault guard hits you with an enchanted great mace!
* * * LOW HITPOINT WARNING * * *
You hit the vault guard.
You kill the vault guard!
Trog accepts your kill.
You completely miss the orc knight. You puncture the orc knight!
The orc knight is moderately wounded.
You hit the orc knight.
The orc knight is moderately wounded.
You puncture the orc knight!
The orc knight is heavily wounded.
The orc knight hits you with a long sword of holy wrath!!
You die...

#....# #.#...##.#.
#....#############.#.#....#.
######...............#.##.#.
##........).....###......
#.≈≈≈≈.....≈≈≈≈.#########
#.≈≈≈≈≈≈...≈≈≈≈≈≈.........
#.≈≈≈≈≈≈≈...≈≈≈≈≈≈≈.#######
#.≈≈≈≈≈≈≈...≈≈≈≈≈≈≈.#
####))###)@'###()#### #.((
#)o.# #((.# #(.. #...# #..(#
## #. #...# #...# #. #.#.#
##'## ## .. .. .. .. ... ...


You could see an orc knight.

Vanquished Creatures
  An acid blob (Lair:5)
  Gastronok (Lair:2)
  2 orc warlords
  A fire dragon (Lair:6)
  Harold (Lair:1)
  3 vault guards (D:13)
  2 hydras
  A catoblepas (Lair:3)
  A centaur warrior (D:11)
  Erica (D:8)
  An orc high priest (Orc:1)
  Urug (Lair:5)
  A deep elf knight (D:13)
  A fire crab (Lair:5)
  An iron troll (D:9)
  2 deep trolls
  A necromancer (Lair:4)
  A lindwurm (Lair:6)
  5 hill giants
  3 deep elf magi
  2 orc knights
  2 manticores
  3 orc sorcerers
  3 ugly things
  2 slime creatures (D:12)
  9 elephants
  2 wolf spiders (Lair:6)
  4 cyclopes
  7 black mambas
  6 torpor snails
  Psyche (D:11)
  2 gargoyles
  19 spiny frogs
  2 rime drakes
  A guardian serpent (Lair:6)
  A kobold demonologist (D:13)
  A yaktaur (D:13)
  9 komodo dragons
  9 trolls
  4 tyrant leeches (Lair:6)
  A queen bee (D:10)
  3 polar bears
  A two-headed ogre (Orc:2)
  10 blink frogs
  9 hornets (Lair:6)
  6 dream sheep
  12 hippogriffs
  A wraith (D:6)
  A hill giant zombie (D:11)
  A spriggan (D:7)
  12 wyverns
  19 yaks
  6 basilisks
  2 hungry ghosts
  2 chaos spawn (D:8)
  6 wargs
  A soldier ant (D:12)
  20 water moccasins
  A soldier ant (shapeshifter) (D:13)
  12 porcupines
  7 ice beasts
  3 elephant zombies (Lair:4)
  4 black bears
  30 orc warriors
  A sky beast (D:12)
  2 necrophages
  7 phantoms
  11 ogres
  3 wolves
  10 centaurs
  14 crocodiles
  Blork the orc (D:4)
  A big kobold (D:11)
  21 bullfrogs
  A water moccasin skeleton (D:8)
  2 hornet simulacra (D:10)
  7 scorpions
  26 killer bees
  7 wights
  A howler monkey (D:10)
  4 electric eels
  2 bullfrog zombies
  2 centaur zombies
  7 crimson imps
  A quasit (D:12)
  A basilisk zombie (Lair:4)
  6 jellies
  35 orc priests
  4 hounds
  4 centaur skeletons
  2 bullfrog skeletons
  A gnoll shaman (D:5)
  Ijyb (D:2)
  7 hell rats (Lair:5)
  3 iguanas
  16 worker ants
  23 orc wizards
  7 ogre zombies (D:11)
  A centaur simulacrum (D:10)
  A crocodile zombie (Lair:4)
  A hound zombie (D:10)
  A hound skeleton (D:11)
  Robin (D:3)
  11 gnolls
  10 adders
  2 shadow imps
  5 white imps (D:10)
  A worker ant simulacrum (D:10)
  2 ufetubi (D:10)
  2 adder skeletons
  2 adder zombies
  4 worms
  5 dart slugs
  9 leopard geckos
  96 orcs
  A ball python (D:2)
  5 bats
  A giant cockroach (D:6)
  24 goblins
  6 hobgoblins
  8 jackals
  6 quokkas
  3 frilled lizards
  2 goblin skeletons (D:11)
  4 goblin zombies (D:11)
  A hobgoblin skeleton (D:11)
  2 hobgoblin zombies (D:11)
  A jackal zombie (D:4)
  18 kobolds
  A leopard gecko skeleton (D:5)
  A leopard gecko zombie (D:5)
  2 orc skeletons (D:11)
  14 orc zombies (D:11)
  A quokka simulacrum (D:10)
  2 quokka skeletons
  3 rats
  A fungus (D:11)
  A plant (Lair:6)
793 creatures vanquished.

Vanquished Creatures (collateral kills)
  Nessos (Lair:5)
  A dancing weapon (Orc:2)
  2 iron trolls (D:9)
  An orc sorcerer (Orc:2)
  A cyclops (D:11)
  A troll (D:9)
  A wolf (Lair:4)
  A centaur (Lair:4)
9 creatures vanquished.

Vanquished Creatures (others)
  3 orc wizards
  18 fungi
  43 plants
64 creatures vanquished.

Grand Total: 866 creatures vanquished

Notes
Turn   | Place    | Note
-------+----------+-------------------------------------------
     0 | D:1      | feito the Kobold Berserker began the quest for the Orb.
     0 | D:1      | Reached XP level 1. HP: 14/14 MP: 1/1
   182 | D:1      | Reached XP level 2. HP: 12/19 MP: 2/2
   442 | D:1      | Reached XP level 3. HP: 12/23 MP: 3/3
   853 | D:1      | Reached ** piety under Trog
  1640 | D:2      | Noticed Ijyb
  1646 | D:2      | Killed Ijyb
  1646 | D:2      | Reached skill level 5 in Short Blades
  1646 | D:2      | Reached XP level 4. HP: 29/29 MP: 4/4
  1693 | D:2      | Reached skill level 1 in Stealth
  2084 | D:3      | Reached XP level 5. HP: 28/33 MP: 5/5
  2180 | D:3      | Noticed Robin
  2303 | D:3      | Reached *** piety under Trog
  2645 | D:3      | Killed Robin
  2698 | D:3      | Found a shadowy altar of Dithmenos.
  2788 | D:4      | Reached XP level 6. HP: 39/39 MP: 6/6
  2918 | D:4      | Reached skill level 6 in Short Blades
  2972 | D:4      | Noticed a phantom
  2986 | D:4      | Found a staircase to the Ecumenical Temple.
  3131 | D:4      | Noticed Blork the orc
  3136 | D:4      | Killed Blork the orc
  3136 | D:4      | Reached XP level 7. HP: 44/44 MP: 7/7
  3354 | D:4      | Found Dus Terilak's Assorted Antiques.
  3407 | D:4      | Reached skill level 5 in Fighting
  3802 | D:4      | Reached skill level 7 in Short Blades
  4169 | D:4      | Reached XP level 8. HP: 51/51 MP: 8/8
  4302 | D:5      | Entered Level 5 of the Dungeon
  4744 | D:5      | Reached **** piety under Trog
  5417 | D:5      | Found a deep blue altar of Sif Muna.
  5429 | D:5      | Found a sparkling altar of Nemelex Xobeh.
  5710 | D:5      | Reached skill level 5 in Dodging
  5948 | D:6      | Reached skill level 8 in Short Blades
  5964 | D:6      | Noticed a wraith
  5989 | D:6      | Killed a wraith
  6044 | D:6      | Found a runed door.
  6064 | D:6      | Reached skill level 5 in Stealth
  6064 | D:6      | Reached skill level 1 in Evocations
  6070 | D:6      | Reached XP level 9. HP: 56/56 MP: 9/9
  6075 | D:6      | Found a runed door.
  6681 | D:6      | Reached skill level 9 in Short Blades
  7262 | D:7      | Found Iney's Distillery.
  7266 | D:7      | Bought a potion of curing for 36 gold pieces
  8250 | D:7      | Reached skill level 10 in Short Blades
  8366 | D:8      | Found a hide-covered altar of Uskayaw.
  8511 | D:8      | Noticed Erica
  8522 | D:8      | Killed Erica
  8522 | D:8      | Reached ***** piety under Trog
  8522 | D:8      | Reached XP level 10. HP: 65/65 MP: 12/12
  8723 | D:8      | Found a shimmering altar of Xom.
  9690 | D:9      | Reached skill level 11 in Short Blades
 10254 | D:9      | Found a burning altar of Makhleb.
 10309 | D:9      | Reached XP level 11. HP: 50/71 MP: 14/14
 10335 | D:9      | Noticed an iron troll
 10382 | D:9      | Killed an iron troll
 10420 | D:9      | Noticed an iron troll
 10423 | D:9      | Noticed a deep troll
 10663 | D:10     | Entered Level 10 of the Dungeon
 10673 | D:10     | Killed a deep troll
 10673 | D:10     | Reached skill level 10 in Fighting
 10673 | D:10     | Reached skill level 5 in Armour
 10673 | D:10     | Reached skill level 5 in Evocations
 10853 | D:9      | Killed an iron troll
 10853 | D:9      | Reached skill level 12 in Short Blades
 10876 | D:9      | Noticed an iron troll
 10994 | D:9      | Killed an iron troll
 11292 | D:9      | Noticed a deep troll
 11322 | D:9      | Killed a deep troll
 11397 | D:9      | Got a pitted helmet
 11408 | D:9      | Identified the +4 helmet "Woet" {MR+} (You found it on level 9 of the Dungeon)
 11768 | D:10     | Found Mopon's General Store.
 12070 | D:10     | Noticed a hill giant
 12140 | D:10     | Killed a hill giant
 12301 | D:10     | Noticed a hill giant
 12325 | D:10     | Killed a hill giant
 12325 | D:10     | Reached XP level 12. HP: 44/79 MP: 16/16
 12772 | D:10     | Reached skill level 13 in Short Blades
 13418 | D:11     | Found a staircase to the Lair.
 13751 | D:11     | Noticed Psyche
 13771 | D:11     | Killed Psyche
 13785 | D:11     | Received a gift from Trog
 13887 | D:11     | Noticed a centaur warrior
 13905 | Lair:1   | Entered Level 1 of the Lair of Beasts
 14019 | Lair:1   | Noticed Harold
 14049 | Lair:1   | Killed Harold
 14049 | Lair:1   | Reached skill level 10 in Stealth
 14280 | Lair:1   | Noticed a seven-headed hydra
 14308 | Lair:1   | Killed a seven-headed hydra
 14308 | Lair:1   | Reached skill level 14 in Short Blades
 14513 | Lair:1   | Reached XP level 13. HP: 86/86 MP: 18/18
 15099 | Lair:2   | Noticed Gastronok
 15866 | Lair:2   | Killed Gastronok
 15978 | Lair:3   | Noticed a catoblepas
 16003 | Lair:3   | Killed a catoblepas
 17241 | Lair:4   | Found a staircase to the Snake Pit.
 17305 | Lair:4   | Found a staircase to the Shoals.
 17396 | Lair:4   | Reached skill level 15 in Short Blades
 17732 | Lair:4   | Identified a scroll of acquirement
 17960 | Lair:4   | Reached skill level 10 in Dodging
 18299 | Lair:4   | Reached XP level 14. HP: 58/94 MP: 20/20
 18446 | Lair:5   | Noticed Nessos
 18480 | Lair:5   | Killed Nessos
 18527 | Lair:5   | Noticed Urug
 18534 | Lair:5   | Killed Urug
 18677 | Lair:5   | Found a runed door.
 18870 | Lair:5   | Found a viscous altar of Jiyva.
 18870 | Lair:5   | Noticed an acid blob
 18871 | Lair:5   | Found a staircase to the Slime Pits.
 18877 | Lair:5   | Killed an acid blob
 19391 | Lair:6   | Entered Level 6 of the Lair of Beasts
 19581 | Lair:6   | Identified Sif Muna's Catalogue of Unstable Air
 19771 | Lair:6   | Reached skill level 16 in Short Blades
 20019 | Lair:6   | Reached ****** piety under Trog
 20073 | Lair:6   | Received a gift from Trog
 21251 | Lair:6   | Reached XP level 15. HP: 61/100 MP: 22/22
 21636 | Lair:6   | Found a runed door.
 21822 | Lair:6   | Paralysed by a hornet for 3 turns
 21988 | Lair:6   | Reached skill level 10 in Evocations
 22579 | D:11     | Found Tofuku's Book Boutique.
 22610 | D:11     | Found a staircase to the Orcish Mines.
 22685 | D:11     | Received a gift from Trog
 22832 | D:11     | Reached skill level 17 in Short Blades
 22884 | D:11     | Reached skill level 1 in Crossbows
 22884 | D:11     | Reached skill level 1 in Shields
 23207 | Orc:1    | Entered Level 1 of the Orcish Mines
 23378 | Orc:1    | Found Ciehumei's Book Boutique.
 23678 | Orc:2    | Entered Level 2 of the Orcish Mines
 24131 | Orc:2    | Received a gift from Trog
 24381 | Orc:2    | Found a staircase to the Elven Halls.
 24385 | Orc:2    | Found a roughly hewn altar of Beogh.
 24449 | Orc:2    | Found a roughly hewn altar of Beogh.
 24782 | Orc:2    | Found a roughly hewn altar of Beogh.
 24794 | Orc:2    | Found Apycs's General Store.
 24986 | Orc:2    | HP: 2/100 [orc sorcerer/bolt of fire (39)]
 25280 | Orc:2    | Found a roughly hewn altar of Beogh.
 25330 | Orc:2    | Found Ibeumnu's General Store.
 25655 | Orc:2    | Noticed an orc warlord
 25660 | Orc:2    | Found Xousiw's Antique Weapon Shop.
 25738 | Orc:2    | Killed an orc warlord
 25738 | Orc:2    | Reached skill level 15 in Fighting
 25787 | Orc:2    | Found a roughly hewn altar of Beogh.
 25790 | Orc:2    | Found Xuipos's Antique Armour Boutique.
 25848 | Orc:1    | Found a roughly hewn altar of Beogh.
 26012 | Orc:1    | Noticed an orc warlord
 26027 | Orc:2    | Received a gift from Trog
 26096 | Orc:1    | Killed an orc warlord
 26096 | Orc:1    | Reached skill level 5 in Crossbows
 26256 | Elf:1    | Entered Level 1 of the Elven Halls
 27049 | D:12     | Reached XP level 16. HP: 108/108 MP: 23/23
 27240 | D:12     | Found a deep blue altar of Sif Muna.
 27620 | D:13     | Received a gift from Trog
 28260 | D:13     | Demolished by an orc knight

Vault maps used:
D:1:      dpeg_arrival_renting, kennysheep_doodads
D:2:      minmay_box_of_dots, uniq_iyjb
D:3:      lemuel_round_altar, serial_glass, glass_columns_a, glass_columns_a,
          minivault_26, uniq_robin
D:4:      serial_shops, nicolae_shop_stone, first_bread, due_unseen_surprise,
          uniq_blork_the_orc
D:5:      grunt_temple_overflow_open
D:6:      lemuel_insect_pit
D:7:      serial_shops, shop, the_bakery
D:8:      basic_altar, minmay_guarded_unrand_variability, uniq_erica
D:9:      lemuel_troll_bridge, kennysheep_little_box
D:10:     serial_ice, serial_ice_f, serial_ice_j, serial_ice_d, serial_ice_n,
          serial_ice_a, serial_ice_b, serial_ice_c, serial_ice_g, serial_ice_e,
          serial_ice_o, serial_shops, shop, kennysheep_crisscross,
          nicolae_looking_at_the_future
D:11:     minmay_lair_entry_grove, zombieorc2_lemuel, serial_shops, shop,
          uniq_psyche
D:12:     led_sif_book
D:13:     grunt_vaults_entry_fortified, basic_altar
Lair:1:   serial_bayou_pond_b, uniq_harold
Lair:2:   st_stairs_3, beast_lair_carwin_5, uniq_gastronok
Lair:3:   infiniplex_staircase_pool_2
Lair:4:   pond_and_an_island_with_a_cottage, elwin_shoals_entry_rocks,
          dummy_snake_entry, grunt_forest_small_clearings, forest_entry_grove
Lair:5:   slime_altar_2, grunt_megastairs_4, uniq_urug, uniq_nessos
Lair:6:   wormcave, hangedman_lair_tendril_chambers, minivault_26
Orc:1:    serial_shops, shop, basic_altar
Orc:2:    grunt_orc_community_town_hall, grunt_orc_community_big_house_2,
          grunt_orc_community_big_house_2, grunt_orc_community_house_3,
          grunt_orc_community_house_2, grunt_orc_community_house_1,
          grunt_orc_community_house_1, grunt_orc_community_house_2
Elf:1:    serial_shops, shop, minmay_elf_crystal_hexagon, uniq_louise,
          uniq_agnes, uniq_azrael

Skill      XL: |  1  2  3  4  5  6  7  8  9 10 11 12 13 14 15 16 |
---------------+-------------------------------------------------+-----
Short Blades   | 5 6 7 8 10 11 12 14 15 16 17 | 17.0
Armour         | 2 3 4 5 6 7 |  7.8
Stealth        | 1 2 3 4 5 6 7 9 10 11 12 | 12.5
Fighting       | 4 5 6 8 9 10 12 13 14 15 | 15.7
Dodging        | 3 4 5 6 7 8 9 10 11 | 11.4
Evocations     | 1 3 4 6 7 8 9 10 | 10.0
Crossbows      | 6 7 |  7.4
Shields        | 3 |  3.7

Action                   |  1- 3 |  4- 6 |  7- 9 | 10-12 | 13-15 | 16-18 || total
-------------------------+-------+-------+-------+-------+-------+-------++-------
Melee: Short sword       |    75 |       |       |       |       |       ||    75
       Dagger            |    46 |   152 |   489 |   989 |   288 |       ||  1964
       Quick blade       |       |       |       |    90 |  2056 |   119 ||  2265
       Rapier            |       |       |       |       |    69 |       ||    69
 Fire: Triple crossbow   |       |       |       |       |    29 |    35 ||    64
Throw: Throwing net      |       |       |       |       |     1 |       ||     1
Invok: Berserk           |     3 |     6 |    16 |    14 |    26 |     2 ||    67
       Trog's Hand       |       |       |       |     5 |     2 |       ||     7
       Brothers in Arms  |       |       |       |     3 |     2 |       ||     5
       Burn Spellbooks   |       |       |       |       |     1 |       ||     1
Evoke: Wand              |       |       |     1 |     2 |     7 |       ||    10
       Phial of floods   |       |       |       |       |     1 |       ||     1
  Use: Scroll            |       |     3 |     2 |    13 |     3 |     2 ||    23
       Potion            |       |       |       |     3 |    12 |     1 ||    16
 Stab: Sleeping          |     2 |     7 |     7 |    11 |    44 |     7 ||    78
       Distracted        |       |       |     1 |     2 |     4 |       ||     7
       Petrified         |       |       |       |       |     1 |       ||     1
       Confused          |       |       |       |       |     1 |       ||     1
       Held in net/web   |       |       |       |       |     1 |       ||     1
  Eat: Chunk             |    10 |    14 |    29 |    35 |    66 |     3 ||   157
       Pizza             |       |       |       |       |     2 |       ||     2
Armor: Animal skin       |    11 |    11 |    19 |       |       |       ||    41
       Scale mail        |       |       |    24 |    55 |       |       ||    79
       Troll leather arm |       |       |       |    57 |   155 |     9 ||   221
       Skin              |       |       |       |     3 |       |       ||     3
       Ring mail         |       |       |       |       |    12 |       ||    12
Dodge: Dodged            |    63 |    87 |   227 |   560 |  1074 |    48 ||  2059
Block: Shield            |     9 |       |       |       |       |       ||     9
